 Dungeon Crawl Stone Soup version 0.19-a0-1714-gcab94ab (webtiles) character file.

20 gottagoquickly the Ruffian (level 2, -10/27 HPs)
             Began as a Troll Skald on Sept 28, 2016.
             Killed from afar by Squonk's ghost (15 damage)
             ... with a spray of energy
             ... on level 3 of the Dungeon.
             The game lasted 00:01:42 (181 turns).

gottagoquickly the Ruffian (Troll Skald)             Turns: 181, Time: 00:01:43

Health: -10/27     AC:  6    Str: 19    XL:     2   Next: 58%
Magic:  2/2        EV:  9    Int:  8    God:
Gold:   39         SH:  0    Dex:  9    Spells: 1 memorised, 2 levels left

rFire  . . .     SeeInvis .       - Unarmed
rCold  . . .     Gourm    +     a - +0 robe
rNeg   . . .     Faith    .     (no shield)
rPois  .         Spirit   .     (helmet restricted)
rElec  .         Dismiss  .     (no cloak)
rCorr  .         Reflect  .     (gloves unavailable)
MR     .....     Harm     .     (boots unavailable)
Stlth  +.........               (no amulet)
                                (no ring)
                                (no ring)

@: confused, flying, glowing
A: unfitting armour, claws 3, fast metabolism 3, gourmand, regeneration 1,
shaggy fur 1, tough skin 2
a: no special abilities


You were on level 3 of the Dungeon.
You were not hungry.

You visited 1 branch of the dungeon, and saw 3 of its levels.

You collected 39 gold pieces.

Inventory:

Missiles
 c - 4 curare-tipped needles
Armour
 a - a +0 robe (worn)
Scrolls
 e - a scroll of amnesia {unknown}
Potions
 g - a potion of flight
Books
 b - a book of Battle

   Spells                             Type                      Level
   a - Infusion                       Charms                       1
   b - Shroud of Golubria             Charms/Translocation         2
   c - Song of Slaying                Charms                       2
   d - Spectral Weapon                Hexes/Charms                 3
   e - Regeneration                   Charms/Necromancy            3
Comestibles
 d - 2 bread rations
 f - 2 chunks of flesh


   Skills:
 - Level 1.5 Fighting
 - Level 1.2 Dodging
 + Level 3.2 Unarmed Combat
 - Level 1.2 Spellcasting
 - Level 2.0 Charms


You had 2 spell levels left.
You knew the following spells:

 Your Spells              Type           Power        Failure   Level  Hunger
a - Infusion              Chrm           #...         21%         1    ##.....


Dungeon Overview and Level Annotations

Branches:
Dungeon (3/15)

Altars:

Annotations:
D:3 Squonk's ghost, novice SpEn


Innate Abilities, Weirdness & Mutations

You are too large for most types of armour.
You have claws for hands.
Your metabolism is lightning-fast.
You like to eat raw meat.
Your natural rate of healing is unusually fast.
You are covered in fur. (AC +1)
You have very tough skin. (AC +2)


Message History

Squonk's ghost hits you. Squonk's ghost hits you.
* * * LOW HITPOINT WARNING * * *
You closely miss Squonk's ghost.
Squonk's ghost hits you but does no damage.
Squonk's ghost hits you but does no damage.
You miss Squonk's ghost. You miss Squonk's ghost. Squonk's ghost hits you.
* * * LOW HITPOINT WARNING * * *
You claw Squonk's ghost!
Squonk's ghost is lightly damaged.
Squonk's ghost hits you but does no damage.
Squonk's ghost hits you but does no damage.
Squonk's ghost hits you.
* * * LOW HITPOINT WARNING * * *
You're too confused to move!
Squonk's ghost points at you and mumbles some strange words.
The spray of energy hits you!
Ouch! That really hurt!
You die...

.. #.# #.
#.#
##.###.#####
..........
##.#....#
#.....<.#
#.#.....#
#<....#
#.@W..#
#...).#
#.....#
##..### #...
#.... #.>..
##.... ...##


You could see Squonk's ghost.

Vanquished Creatures
  An adder (D:2)
  2 worms (D:2)
  2 goblins
  A hobgoblin (D:2)
6 creatures vanquished.

Notes
Turn   | Place    | Note
-------+----------+-------------------------------------------
     0 | D:1      | gottagoquickly the Troll Skald began the quest for the Orb.
     0 | D:1      | Reached XP level 1. HP: 19/19 MP: 1/1
    75 | D:2      | Reached XP level 2. HP: 21/27 MP: 2/2
    80 | D:2      | Reached skill level 3 in Unarmed Combat
   145 | D:3      | Noticed Squonk's ghost (novice SpEn)
   150 | D:3      | d:3 spen ghost
   150 | D:3      | gj Squonk
   150 | D:3      | u da man
   181 | D:3      | Killed from afar by Squonk's ghost

Vault maps used:
D:1:      saegor_arrival_simple_b, minmay_tetromino_i2
D:2:      hangedman_decor_growths
D:3:      gammafunk_temple_overflow_claw, grunt_gozag_statues, uniq_robin

Skill      XL: |  1  2 |
---------------+-------+-----
Unarmed Combat | 3 |  3.2
Fighting       | |  1.5
Dodging        | |  1.2
Spellcasting   | |  1.2
Charms         | |  2.0

Action                   || total
-------------------------++-------
Melee: Unarmed           ||    28
       Punch             ||     1
  Use: Potion            ||     2
Armor: Robe              ||    19
Dodge: Dodged            ||     4
